 Dungeon Crawl Stone Soup version 0.28.0-53-g5a82cb258f (webtiles) character file.

Game seed: 10268946472722054010

20200 Atelerd the Thaumaturge (level 12, -5/72 HPs)
             Began as an Octopode Earth Elementalist on July 12, 2022.
             Was an Elder of Sif Muna.
             Slain by an eight-headed hydra (16 damage)
             ... on level 1 of the Lair of Beasts.
             The game lasted 00:31:20 (18387 turns).

Atelerd the Thaumaturge (OpEE)                     Turns: 18387, Time: 00:31:21

Health: -5/72      AC:  1    Str: 11    XL:     12   Next: 77%
Magic:  38/38      EV: 17    Int: 21    God:    Sif Muna [****..]
Gold:   566        SH:  0    Dex: 21    Spells: 16/38 levels left

rFire   . . .      SeeInvis .   m - +9 dagger of Generosity {holy, *Rage Str+4 Dex+7}
rCold   . . .      Faith    .   (no shield)
rNeg    . . .      Spirit   .   (helmet restricted)
rPois   +          Reflect  .   g - amulet "Abiump" {rElec Regen+ Stlth+}
rElec   +          Harm     .   L - ring of willpower
rCorr   .          Rampage  .   M - ring of poison resistance
Will    +....      Rage     20% O - ring of magical power
Stlth   +++++++...              (no ring)
HPRegen 1.02/turn               (no ring)
MPRegen 0.26/turn               (no ring)
                                (no ring)
                                (no ring)

@: on berserk cooldown, slowed, very slow
A: almost no armour, amphibious, 8 rings, camouflage 1, gelatinous body 1,
(nimble swimmer 1), tentacles
a: Renounce Religion, Channel Magic, Forget Spell, Divine Exegesis


You were on level 1 of the Lair of Beasts.
You worshipped Sif Muna.
Sif Muna was greatly pleased with you.
You visited 3 branches of the dungeon, and saw 15 of its levels.
You also visited: Ossuary.

You collected 632 gold pieces.
You spent 66 gold pieces at shops.

Inventory:

Hand Weapons
 d - a +0 dagger of freezing
 m - the +9 dagger of Generosity (weapon) {holy, *Rage Str+4 Dex+7}
   (You found it on level 4 of the Dungeon)

   It has been blessed by the Shining One to cause great damage to the undead
   and demons.
   Str:       It affects your strength (+4).
   Dex:       It affects your dexterity (+7).
   *Rage:     It berserks you when you make melee attacks (+20% chance).
 o - the +12 mace of the Hand {speed, rPois rN+ Will-}
   (You found it on level 4 of the Dungeon)

   Attacks with this weapon are significantly faster.
   rPois:     It protects you from poison.
   rN:        It protects you from negative energy.
   Will:      It decreases your willpower.
Missiles
 b - 146 stones
 H - a throwing net
Jewellery
 g - the amulet "Abiump" (around mantle) {rElec Regen+ Stlth+}
   (You found it on level 5 of the Dungeon)

   [amulet of regeneration]

   rElec:     It insulates you from electricity.
   Regen:     It increases your rate of health regeneration.
   Stlth:     It makes you more stealthy.
 k - an amulet of reflection
 L - a ring of willpower (left tentacle)
 M - a ring of poison resistance (right tentacle)
 O - a ring of magical power (on tentacle)
 R - an amulet of faith
Wands
 c - a wand of flame (53)
 j - a wand of charming (7)
 n - a wand of acid (8)
 y - a wand of digging (6)
 P - a wand of mindburst (10)
 S - a wand of iceblast (5)
Scrolls
 e - 2 scrolls of blinking
 l - a scroll of vulnerability
 r - 4 scrolls of teleportation {unknown}
 s - 3 scrolls of brand weapon
 w - 2 scrolls of fear
 x - 2 scrolls of amnesia
 z - 4 scrolls of noise {unknown}
 B - a scroll of identify
 C - 2 scrolls of fog {unknown}
 D - 2 scrolls of magic mapping {unknown}
 F - 3 scrolls of summoning {unknown}
 J - a scroll of silence {unknown}
 K - 3 scrolls of enchant weapon {unknown}
 N - a scroll of enchant armour
Potions
 a - 2 potions of ambrosia
 f - 3 potions of curing
 h - 2 potions of cancellation
 i - 2 potions of attraction
 p - 3 potions of resistance
 q - a potion of might {unknown}
 t - 3 potions of lignification
 u - a potion of brilliance {unknown}
 v - 2 potions of degeneration {unknown}
 A - 5 potions of flight
 E - a potion of magic
 G - 2 potions of berserk rage {unknown}
 I - 2 potions of heal wounds
 Q - a potion of mutation {unknown}


   Skills:
 - Level 3.3 Fighting
 - Level 3.3 Short Blades
 - Level 6.1 Dodging
 - Level 9.2 Stealth
 + Level 13.7 Spellcasting
 * Level 3.1 Conjurations
 - Level 5.0 Transmutations
 * Level 3.1 Air Magic
 - Level 8.0 Earth Magic
 * Level 4.1 Invocations


You had 16 spell levels left.
You knew the following spells:

 Your Spells              Type           Power      Damage    Failure   Level
a - Sandblast             Erth           96%        2d20      1%          1
b - Lightning Bolt        Conj/Air       13%        1d27      34%         5
c - Passwall              Tmut/Erth      34%        N/A       1%          2
d - Dispel Undead         Necr           14%        3d10      41%         4
e - Summon Cactus Giant   Summ           7%         N/A       100%        6
p - Petrify               Tmut/Erth      41%        N/A       3%          4

Your spell library contained the following spells:

 Spells                   Type           Power      Damage    Failure   Level
 Beastly Appendage        Tmut           70%        N/A       1%          1
 Static Discharge         Conj/Air       27%        N/A       1%          2
 Wereblood                Tmut           35%        N/A       1%          2
 Stone Arrow              Conj/Erth      74%        3d11      1%          3
 Spider Form              Tmut/Pois      24%        N/A       4%          3
 Scorch                   Fire           28%        2d6       7%          2
 Gell's Gravitas          Tloc           14%        N/A       13%         3
 Lesser Beckoning         Tloc           14%        N/A       13%         3
 Teleport Other           Tloc           14%        N/A       13%         3
 Flame Wave               Conj/Fire      21%        2d7       22%         4
 Sticky Flame             Conj/Fire      21%        2d4       22%         4
 Maxwell's Capacitive Co  Air            13%        ∞         100%        8


Dungeon Overview and Level Annotations

Branches:
Dungeon (13/15)            Temple (1/1) D:6            Lair (1/6) D:10
    Orc (0/2) D:10        Ossuary (visited)
 Vaults: D:13-14

Altars:
Ashenzari
Cheibriados
Elyvilon
Fedhas
Gozag
Hepliaklqana
Kikubaaqudgha
Makhleb
Nemelex Xobeh
Ru
Sif Muna
Uskayaw
Vehumet
Wu Jian
Xom
Yredelemnul
Zin
The Shining One

Shops:
D:1 =   D:2 *   D:5 :   D:7 *   D:10 *

Annotations:
D:2 exclusion: downstairs
D:9 1 runed translucent door, exclusion: downstairs, brob1's ghost, novice MiBe
D:11 exclusions: 2 downstairs, upstairs and 1 more exclusion
D:12 3 runed translucent doors, Peloso's ghost, journeyman MiFi


Innate Abilities, Weirdness & Mutations

You cannot wear most types of armour.
You are amphibious.
You can wear up to eight rings at the same time.
Your skin changes colour to match your surroundings (Stealth+).
Your rubbery body absorbs attacks. (AC +1, EV +1)
((You are camouflaged when in or above water. (Stealth+)))
You have tentacles for arms and can constrict up to eight enemies at once.


Message History

The yak is severely wounded.
The yak gores you!
You hit the yak.
The yak is severely wounded.
The yak misses you.
You hit the yak.
The yak is almost dead.
You barely miss the yak.
The yak is almost dead.
The yak closely misses you.
You barely miss the yak. You squeeze the yak!
You kill the yak!
Sif Muna accepts your kill.
You start resting.
You feel a strong urge to attack something.
You start resting.
You feel your anger nearly subside.
You are no longer berserk.
You are exhausted.
You feel yourself slow down.
You start resting.
HP restored.
You climb downwards.
Welcome back to the Lair of Beasts!
The yak gores you. The yak gores you!
There is a staircase back to the Dungeon, spattered with blood here.
The eight-headed hydra closely misses you.
The eight-headed hydra bites you! The eight-headed hydra bites you.
The eight-headed hydra bites you!
The eight-headed hydra closely misses you.
The eight-headed hydra barely misses you.
The eight-headed hydra completely misses you.
The eight-headed hydra misses you. The yak closely misses you.
The eight-headed hydra bites you. The eight-headed hydra bites you!
* * * LOW HITPOINT WARNING * * *
The eight-headed hydra bites you.
* * * LOW HITPOINT WARNING * * *
The eight-headed hydra closely misses you.
The eight-headed hydra bites you.
* * * LOW HITPOINT WARNING * * *
The eight-headed hydra completely misses you. x2
The eight-headed hydra bites you!
You die...

................
............?....
.................
#...............
#.........Y.....
#...#..^.....Y..
.......Y.YY..Y.#
...#.YD#...P###
#.@.#.$.##
#...#.....
....#........
...............
#P####.........D.
# #...........
P.........
#.........


You could see an eight-headed hydra and 4 yaks.

Vanquished Creatures
  A hydra (D:11)
  A boulder beetle (D:12)
  2 two-headed ogres
  A deep elf knight (D:13)
  2 deep elf pyromancers (D:12)
  A mana viper (shapeshifter) (D:13)
  A cyclops (D:13)
  2 ugly things
  3 kobold demonologists
  A troll (D:10)
  Grinder (D:3)
  12 slime creatures
  5 wyverns
  3 vampires
  11 yaks
  A basilisk (D:11)
  3 shadows
  A wraith (D:7)
  5 steam dragons
  8 vampire mosquitoes (D:11)
  Edmund (D:4)
  6 water moccasins
  4 acid dragons
  3 hell hounds (D:12)
  5 orc warriors
  3 ogres
  2 black bears (D:5)
  2 necrophages (D:5)
  A hornet zombie (D:7)
  2 centaurs
  A phantom (D:7)
  5 kobold brigands
  A bullfrog (D:9)
  5 scorpions
  10 water moccasin zombies (Ossuary)
  A wyvern zombie (D:6)
  A wyvern skeleton (D:6)
  2 water moccasin skeletons (D:5)
  9 killer bees
  The ghost of cada the Digger, a weakling DgEE (D:4)
  A centaur zombie (D:9)
  7 orc priests
  3 hounds
  2 jellies
  Crazy Yiuf (D:5)
  4 bullfrog skeletons
  A gnoll shaman (D:4)
  2 centaur skeletons
  4 iguanas
  Natasha (thrice) (D:4)
  13 orc wizards
  3 mummies
  A howler monkey zombie (D:10)
  7 gnolls
  3 adders (D:2)
  A howler monkey skeleton (D:6)
  2 adder zombies (Ossuary)
  A worm (D:2)
  2 dart slugs (D:1)
  44 orcs
  11 endoplasms
  3 giant cockroaches
  2 goblins (D:3)
  5 hobgoblins
  4 jackals (D:1)
  4 quokkas
  5 ball pythons
  3 bats (D:2)
  5 frilled lizards
  3 gnoll zombies (Ossuary)
  6 hobgoblin zombies (Ossuary)
  17 kobolds
  4 kobold zombies (Ossuary)
  8 orc zombies (Ossuary)
  6 rats
321 creatures vanquished.

Vanquished Creatures (others)
  A slime creature (D:11)
  A water moccasin (D:10)
  6 fungi
  6 plants (D:10)
14 creatures vanquished.

Grand Total: 335 creatures vanquished

Notes
Turn   | Place    | Note
-------+----------+-------------------------------------------
     0 | D:1      | Atelerd the Octopode Earth Elementalist began the quest for
                  | the Orb.
     0 | D:1      | Reached XP level 1. HP: 11/11 MP: 3/3
   401 | D:1      | Found a faded altar of an unknown god.
   650 | D:1      | Reached XP level 2. HP: 14/17 MP: 1/5
   771 | D:1      | Found Aczeulan's Jewellery Emporium.
   970 | D:1      | Reached XP level 3. HP: 11/21 MP: 0/6
  1733 | D:2      | Found a shimmering altar of Xom.
  2073 | D:2      | Reached XP level 4. HP: 19/27 MP: 2/7
  2438 | D:2      | Found Foatot's General Store.
  2449 | D:2      | Bought 2 potions of curing for 66 gold pieces
  3023 | D:3      | Learned a level 2 spell: Passwall
  3923 | D:3      | Reached XP level 5. HP: 28/31 MP: 2/9
  4037 | D:3      | Noticed Grinder
  4076 | D:2      | Learned a level 4 spell: Petrify
  4252 | D:3      | Killed Grinder
  4253 | D:3      | Reached skill level 5 in Stealth
  4253 | D:3      | Reached skill level 3 in Spellcasting
  4253 | D:3      | Reached XP level 6. HP: 36/36 MP: 5/10
  4520 | D:4      | Noticed Natasha
  4524 | D:4      | Killed Natasha
  4531 | D:4      | Identified the +9 dagger of Generosity {holy, *Rage Str+4
                  | Dex+7}
  4619 | D:4      | Noticed Natasha
  4630 | D:4      | Killed Natasha
  4783 | D:4      | Found an opulent altar of Gozag.
  4803 | D:4      | Identified the +12 mace of the Hand {speed, rPois rN+
                  | Will-}
  4823 | D:4      | Noticed Edmund
  4877 | D:4      | Found a sacrificial altar of Ru.
  4944 | D:4      | Killed Edmund
  4945 | D:4      | Reached XP level 7. HP: 15/41 MP: 1/12
  4984 | D:4      | Found a sand-covered staircase.
  4994 | Ossuary  | Entered an ossuary
  5337 | Ossuary  | Reached skill level 4 in Spellcasting
  5429 | Ossuary  | Reached skill level 5 in Transmutations
  5440 | Ossuary  | Reached skill level 5 in Earth Magic
  5440 | Ossuary  | Reached XP level 8. HP: 39/46 MP: 14/14
  5849 | Ossuary  | Reached skill level 5 in Spellcasting
  6155 | D:4      | Noticed Natasha
  6161 | D:4      | Killed Natasha
  6344 | D:4      | HP: 2/46 [gnoll/+0 halberd (11)]
  6970 | D:4      | Found a runed translucent door.
  6971 | D:4      | Noticed cada's ghost (weakling DgEE)
  6997 | D:4      | Found a radiant altar of Vehumet.
  7147 | D:4      | Killed cada's ghost
  7201 | D:5      | Entered Level 5 of the Dungeon
  7436 | D:5      | Reached skill level 6 in Spellcasting
  7452 | D:5      | Reached XP level 9. HP: 38/51 MP: 13/18
  7476 | D:5      | Identified the amulet "Abiump" {rElec Regen+ Stlth+}
  7732 | D:5      | Reached skill level 7 in Spellcasting
  7862 | D:5      | Found Kuttozxe's Book Emporium.
  8009 | D:5      | Found a runed translucent door.
  8010 | D:5      | Noticed Crazy Yiuf
  8017 | D:5      | Killed Crazy Yiuf
  8092 | D:6      | Found a hazy altar of Hepliaklqana.
  8092 | D:6      | Found an ornate altar of the Wu Jian Council.
  8112 | D:6      | Found a blossoming altar of Fedhas.
  8112 | D:6      | Found a snail-covered altar of Cheibriados.
  8166 | D:6      | Reached skill level 1 in Fighting
  8171 | D:6      | Reached skill level 1 in Short Blades
  8833 | D:6      | Found a staircase to the Ecumenical Temple.
  8853 | Temple   | Entered the Ecumenical Temple
  9042 | Temple   | Became a worshipper of Sif Muna the Loreminder
  9496 | D:7      | You fall into a shaft and drop 1 floor!
  9589 | D:8      | Reached XP level 10. HP: 59/61 MP: 19/21
 10185 | D:8      | Found a hide-covered altar of Uskayaw.
 10273 | D:8      | Reached * piety under Sif Muna
 10279 | D:8      | Reached skill level 8 in Spellcasting
 10813 | D:7      | Reached skill level 5 in Dodging
 11324 | D:7      | Found Saix's Serpentskin Sales.
 11644 | D:9      | Reached ** piety under Sif Muna
 12321 | D:9      | Found a runed translucent door.
 12324 | D:9      | Noticed brob1's ghost (novice MiBe)
 12374 | D:9      | Identified the +1 great mace "Qozxer" {flame, rF+ rN+}
 12426 | D:9      | Reached skill level 9 in Spellcasting
 12637 | D:9      | Noticed a brown ugly thing
 12645 | D:9      | Killed a brown ugly thing
 12646 | D:9      | Reached XP level 11. HP: 67/67 MP: 16/24
 12906 | D:10     | Entered Level 10 of the Dungeon
 13242 | D:10     | Found Felavor's Neck Hole.
 13255 | D:10     | Reached skill level 10 in Spellcasting
 13443 | D:10     | Found a staircase to the Orcish Mines.
 13625 | D:11     | Reached skill level 11 in Spellcasting
 13627 | D:11     | Reached *** piety under Sif Muna
 14087 | D:11     | Noticed a five-headed hydra
 14102 | D:11     | Killed a five-headed hydra
 14103 | D:11     | Reached skill level 12 in Spellcasting
 14317 | D:11     | Noticed a two-headed ogre
 14359 | D:11     | Killed a two-headed ogre
 14751 | D:10     | Found a staircase to the Lair.
 15615 | D:10     | Reached XP level 12. HP: 72/72 MP: 23/28
 16151 | D:12     | Reached skill level 13 in Spellcasting
 16397 | D:12     | Noticed a two-headed ogre
 16405 | D:12     | Killed a two-headed ogre
 16532 | D:12     | You fall into a shaft and drop 1 floor!
 16603 | D:13     | Reached skill level 1 in Invocations
 16744 | D:13     | Noticed a deep elf knight
 16744 | D:13     | Noticed a vault guard
 16794 | D:13     | Learned a level 5 spell: Lightning Bolt
 16799 | D:13     | Learned a level 4 spell: Dispel Undead
 16806 | D:13     | Learned a level 6 spell: Summon Cactus Giant
 16832 | D:13     | Killed a deep elf knight
 16918 | D:13     | Noticed a centaur warrior
 16982 | D:12     | Reached skill level 1 in Conjurations
 16982 | D:12     | Reached skill level 1 in Air Magic
 17154 | D:12     | Noticed a boulder beetle
 17171 | D:12     | Killed a boulder beetle
 17916 | D:12     | Found a runed translucent gate.
 17917 | D:12     | Found a runed translucent gate.
 17917 | D:12     | Found an opulent altar of Gozag.
 17917 | D:12     | Found a runed translucent gate.
 17920 | D:12     | Noticed a two-headed ogre
 17922 | D:12     | Noticed Peloso's ghost (journeyman MiFi)
 17922 | D:12     | Noticed a war gargoyle
 18098 | D:12     | Reached **** piety under Sif Muna
 18365 | Lair:1   | Entered Level 1 of the Lair of Beasts
 18368 | Lair:1   | Noticed an eight-headed hydra
 18387 | Lair:1   | Slain by an eight-headed hydra

Illustrated notes

Levels and vault maps discovered:
D:1:      dpeg_arrival_water_temple_mockup, layout_basic,
          ebering_ecumenical_altar_box, serial_shops, shop, minmay_distorted
D:2:      layout_loops_corners, serial_shops, shop, basic_altar
D:3:      layout_basic, due_unseen_surprise, uniq_grinder
D:4:      layout_cave_pools, grunt_gozag_statues, minitemple,
          gup_ossuary_entry_pyramid, ebering_ghost_reflecting_pool, uniq_edmund,
          uniq_natasha
D:5:      layout_rooms, serial_shops, kennysheep_mini_moat,
          uniq_crazy_yiuf_cottage
D:6:      layout_loops_cross, grunt_temple_overflow_open,
          minmay_temple_entry_arrows
D:7:      layout_basic, serial_rivers, chequers_serial_rivers_room_a,
          chequers_serial_rivers_micro_a, chequers_serial_rivers_micro_e,
          chequers_serial_rivers_small_3, chequers_serial_rivers_micro_a,
          chequers_serial_rivers_micro_e, guppyfry_shop_venom
D:8:      layout_rooms, nicolae_uskayaw_dance_studio,
          nicolae_overflow_hidden_temple, special_room [special_room_orc],
          minivault_27
D:9:      layout_loops_corners, ebering_ghost_inner_flame, kennysheep_diamond,
          corexii_corridor_pit
D:10:     layout_irregular_city, minmay_lair_entry_grove,
          nicolae_shop_sticking_my_neck_out
D:11:     layout_rooms, minivault_25, serial_bayou_pond_e
D:12:     layout_small_grid, ebering_ghost_gozag, minmay_rotating_lava
D:13:     layout_irregular_city, grunt_vaults_entry_fortified,
          gammafunk_ghost_split, minmay_misc_feat_cross, uniq_snorg, uniq_sonja,
          uniq_rupert
Temple:   hc_temple_tempest_star
Lair:1:   layout_chaotic_city

Skill      XL: |  1  2  3  4  5  6  7  8  9 10 11 12 |
---------------+-------------------------------------+-----
Stealth        | 3 5 6 9 |  9.2
Transmutations | 2 3 4 5 |  5.0
Dodging        | 3 4 6 |  6.1
Spellcasting   | 3 4 6 7 9 12 13 | 13.7
Earth Magic    | 4 5 7 8 |  8.0
Fighting       | 2 3 |  3.3
Short Blades   | 2 3 |  3.3
Invocations    | 4 |  4.1
Conjurations   | 3 |  3.1
Air Magic      | 3 |  3.1

Action                   |  1- 3 |  4- 6 |  7- 9 | 10-12 || total
-------------------------+-------+-------+-------+-------++-------
Melee: Constrict         |     9 |     7 |    44 |    39 ||    99
       Unarmed           |     3 |       |       |       ||     3
       Dagger            |    28 |    34 |    31 |   251 ||   344
       Tentacles         |     4 |     9 |    37 |    63 ||   113
       Mace              |       |       |   134 |       ||   134
       Punch             |       |       |     2 |     4 ||     6
 Cast: Sandblast         |    31 |    38 |    61 |   127 ||   257
       Passwall          |       |     2 |       |       ||     2
       Petrify           |       |     5 |     8 |   136 ||   149
Evoke: Wand              |       |       |       |     8 ||     8
  Use: Scroll            |       |     3 |     4 |     8 ||    15
       Potion            |       |       |     3 |     2 ||     5
 Stab: Sleeping          |     8 |     4 |     9 |     5 ||    26
       Petrified         |       |    10 |     3 |    66 ||    79
       Petrifying        |       |       |     2 |    11 ||    13
       Distracted        |       |       |       |     2 ||     2
Armor: Skin              |     3 |     1 |    14 |     8 ||    26
Dodge: Dodged            |    22 |    21 |   122 |   207 ||   372
